Map: Submarine LE

Players

mkmk

  • Race: Terran Terran
  • League: Platinum
  • Spawn Location: 11:00

rorschach - Winner!

  • Race: Terran Terran
  • League: Platinum
  • Spawn Location: 5:00

VOD

Have the link to the VOD?

Description

Time

  • Played on: June 10, 2020, 7:36 a.m.
  • Length: 3:06
Show
View Real Time Build Order
Export as new Build Order

mkmk Terran 

Build Orders:  

Get SALT Encoding   

  12  0:01  SCV  
  13  0:13  SCV  
  14  0:19  Supply Depot  
  14  0:26  SCV, Supply Depot  
  15  0:47  SCV  
  16  0:54  Barracks  
  16  0:59  SCV  
  16  1:00  Refinery  
  16  1:03  Refinery  
  17  1:12  SCV  
  18  1:24  SCV  
  19  1:36  SCV  
  20  1:41  Marine  
  21  1:48  SCV  
  21  1:53  Factory  
  22  1:57  Bunker  
  22  1:59  Marine  
  23  2:06  Supply Depot  
  23  2:19  SCV  
  23  2:21  Marine  
  21  2:39  Marine  
Show
View Real Time Build Order
Export as new Build Order

rorschach Terran - Winner!

Build Orders:  

Get SALT Encoding   

  12  0:01  SCV  
  13  0:16  Supply Depot  
  13  0:19  SCV  
  14  0:31  SCV  
  15  0:40  Barracks  
  15  0:46  Supply Depot  
  15  0:57  Barracks  
  15  1:10  Barracks  
  15  1:25  Barracks  
  15  1:39  Marine  
  16  1:53  Orbital Command  
  16  1:54  Marine  
  16  1:57  Marine  
  17  2:03  Marine  
  17  2:11  Marine  
  17  2:12  Marine  
  17  2:14  Marine  
  20  2:21  Marine  
  21  2:29  Marine  
  22  2:30  Marine  
  22  2:32  Marine  
  24  2:39  Marine  
  25  2:47  Marine x2  
Tags
 
Matchup
TvT
Race
Terran
Spawn Locations
Cross Positions
Add a new tag
Caveats
  • Supply blocks, unpowered buildings, or Contaminate may cause inaccurate times.
  • Supply counts are checked every 10 seconds.